 Dungeon Crawl Stone Soup version bcrawl-1.36.4 (webtiles) character file.

Game seed: 3905189913609729104

283673 Mrkan the Chopper (level 8, 0/70 HPs)
             Began as a Centaur Fighter on July 24, 2022.
             Was an Initiate of Okawaru.
             Slain by Pikel
             ... wielding a +0 whip of electrocution
              (18 damage)
             ... on level 4 of the Dungeon.
             The game lasted 00:06:12 (3515 turns).

Mrkan the Chopper (Centaur Fighter)                 Turns: 3515, Time: 00:06:12

Health: 0/70       AC:  7    Str: 22    XL:     8   Next: 2%
Magic:  8/8        EV:  4    Int:  8    God:    Okawaru [......]
Gold:   351        SH:  8    Dex: 10    Spells: 7/7 levels left

rFire    . . .     SeeInvis .   a - +0 war axe
rCold    . . .     Gourm    .   c - +0 medium shield
rNeg     . . .     Faith    .   b - +0 scale mail
rPois    .         Spirit   .   (no helmet)
rElec    .         Reflect  .   (no cloak)
rCorr    .                      (no gloves)
MR       .....                  (no barding)
Stlth    ..........             (no amulet)
HPRegen  0.21/turn              (no ring)
MPRegen  0.11/turn              (no ring)

@: very quick
A: large, hooves 3, deformed body, herbivore, speed 2, tough skin 3
a: Renounce Religion


You were on level 4 of the Dungeon.
You worshipped Okawaru.
Okawaru was noncommittal.
You were hungry.

You visited 2 branches of the dungeon, and saw 5 of its levels.
You also visited: Sewer.

You collected 351 gold pieces.

Inventory:

Hand Weapons
 a - a +0 war axe (weapon)
 B - a +5 flail of holy wrath
Armour
 b - a +0 scale mail (worn)
 c - a +0 medium shield (worn)
 m - a cursed +0 cloak
 y - a +0 pair of gloves
 A - a +0 helmet
Jewellery
 t - a +5 ring of strength {unknown}
Wands
 n - a wand of disintegration (10)
Scrolls
 g - 2 scrolls of enchant armour {unknown}
 h - 3 scrolls of remove curse {unknown}
 i - 9 scrolls of identify
 k - 3 scrolls of immolation {unknown}
 l - 3 scrolls of teleportation {unknown}
 p - 2 scrolls of noise {unknown}
 q - a scroll of blinking {unknown}
 u - a scroll of enchant weapon {unknown}
Potions
 d - 3 potions of might
 f - a potion of lignification {unknown}
 j - a potion of agility {unknown}
 o - 2 potions of ambrosia {unknown}
 r - 5 potions of curing {unknown}
 s - a potion of berserk rage {unknown}
 v - 2 potions of brilliance {unknown}
 w - a potion of flight {unknown}
 x - a potion of heal wounds {unknown}
 z - a potion of mutation {unknown}
Comestibles
 e - 7 rations {!d}


   Skills:
 + Level 6.0 Fighting
 * Level 7.5 Axes
 + Level 4.9 Armour
 - Level 2.1 Shields


You had 7 spell levels left.
You didn't know any spells.
Your spell library was empty.

Dungeon Overview and Level Annotations

Branches:
Dungeon (4/12)             Temple (1/1) D:4

Altars:
Ashenzari
Cheibriados
Dithmenos
Elyvilon
Gozag
Kikubaaqudgha
Lugonu
Makhleb
Nemelex Xobeh
Okawaru
Ru
Sif Muna
Vehumet
Wu Jian

Annotations:
D:4 Pikel


Innate Abilities, Weirdness & Mutations

You have hooves in place of feet.
Armour fits poorly on your strangely shaped body.
You are a herbivore.
You cover ground very quickly.
You have extremely tough skin. (AC +3)


Message History

You closely miss the slave. x2; You hit the slave but do no damage.
You hit the slave. You block the slave's attack.
The slave hits you but does no damage. x2; Pikel hits you but does no damage.
You are electrocuted!!
The slave barely misses you. The slave hits you but does no damage.
The slave hits you!
You slash Pikel! You kick Pikel.
Pikel is heavily wounded.
You barely miss the slave.
Your shield and scale mail prevent you from hitting the slave.
You closely miss the slave. You miss the slave. The slave hits you.
Pikel hits you with a +0 whip of electrocution!
* * * LOW HITPOINT WARNING * * *
You block the slave's attack.
The slave hits you but does no damage. x2
You block the slave's attack.
You closely miss Pikel. Your kick misses Pikel.
Pikel is heavily wounded.
You barely miss the slave. You slash the slave!
You hit the slave but do no damage. You hit the slave.
Pikel hits you but does no damage.
You are electrocuted!!
You die...

##..### ..# ##....
..###.......
#............ .
##.............
..########[.............
............# ##........
......Kp...# ##.......
....lZp@p..## #..##....
##..##p.....####..# #..
#...##....>.# ###
##.#####..>.## #..
##....##### ##.
##..........
#...#.....######
#......### ###
##..##.#8###8#


You could see Pikel, 4 slaves, an iguana and a jackal skeleton.

Vanquished Creatures
  Sigmund (D:3)
  Eustachio (D:4)
  An orc warrior (D:4)
  A sky beast (D:4)
  3 kobold brigands (Sewer)
  Blork the orc (D:4)
  3 orc wizards (D:3)
  2 worker ants (D:4)
  A hound skeleton (D:4)
  4 adders
  2 river rats (D:3)
  An adder skeleton (D:4)
  2 worms
  3 dart slugs
  5 leopard geckos
  4 orcs
  2 ball pythons (Sewer)
  7 bats
  2 giant cockroaches
  5 goblins
  5 hobgoblins
  2 jackals (D:2)
  20 kobolds
  A quokka (D:1)
  5 frilled lizards
  A jackal skeleton (D:4)
  6 rats
  A fungus (Sewer)
92 creatures vanquished.

Notes
Turn   | Place    | Note
-------+----------+-------------------------------------------
     0 | D:1      | Mrkan the Centaur Fighter began the quest for the Orb.
     0 | D:1      | Reached XP level 1. HP: 19/19 MP: 1/1
   232 | D:1      | Reached XP level 2. HP: 19/26 MP: 2/2
   823 | D:2      | Reached skill level 3 in Axes
   868 | D:2      | Reached XP level 3. HP: 33/33 MP: 3/3
  1435 | D:3      | Found a glowing drain.
  1446 | D:3      | Reached XP level 4. HP: 36/40 MP: 4/4
  1452 | Sewer    | Entered a sewer
  1475 | Sewer    | Noticed a kobold brigand
  1486 | Sewer    | Killed a kobold brigand
  1487 | Sewer    | Reached skill level 4 in Axes
  1487 | Sewer    | Reached XP level 5. HP: 19/46 MP: 5/5
  1829 | Sewer    | Reached skill level 5 in Axes
  1840 | Sewer    | Reached XP level 6. HP: 38/53 MP: 6/6
  2205 | D:3      | Noticed Sigmund
  2222 | D:3      | Killed Sigmund
  2223 | D:3      | Reached skill level 5 in Fighting
  2223 | D:3      | Reached skill level 6 in Axes
  2223 | D:3      | Reached XP level 7. HP: 30/61 MP: 7/7
  2582 | D:4      | Noticed Eustachio
  2602 | D:4      | Found a staircase to the Ecumenical Temple.
  2613 | D:4      | Killed Eustachio
  2774 | D:4      | Reached skill level 7 in Axes
  2851 | Temple   | Entered the Ecumenical Temple
  3067 | Temple   | Became a worshipper of Warmaster Okawaru
  3186 | D:4      | Found a radiant altar of Vehumet.
  3250 | D:4      | Noticed Blork the orc
  3432 | D:4      | Killed Blork the orc
  3433 | D:4      | Reached XP level 8. HP: 65/70 MP: 8/8
  3506 | D:4      | Noticed Pikel
  3515 | D:4      | Slain by Pikel

Skill      XL: |  1  2  3  4  5  6  7 |
---------------+----------------------+-----
Axes           | 3 4 5 6 7 |  7.5
Armour         | 3 4 |  4.9
Fighting       | 4 5 6 |  6.0
Shields        | |  2.1

Action                   |  1- 3 |  4- 6 |  7- 9 || total
-------------------------+-------+-------+-------++-------
Melee: War axe           |    79 |   107 |    79 ||   265
       Kick              |    12 |    24 |    20 ||    56
  Eat: Ration            |     1 |     1 |     2 ||     4
Armor: Scale mail        |    37 |    60 |    54 ||   151
Dodge: Dodged            |    10 |    17 |    12 ||    39
Block: Medium shield     |    28 |    52 |    36 ||   116
